 Seeded DCSS version 0.26.1-2-gb8aa6d0cf2 (webtiles) character file.

Game seed: 3375810850756268694 (custom seed)

1005 rocky1 the Carver (level 8, -2/64 HPs)
             Began as a Minotaur Fighter on Mar 30, 2021.
             Was a Follower of Okawaru.
             Killed from afar by an electric eel (6 damage)
             ... with a bolt of electricity
             ... on level 6 of the Dungeon.
             The game lasted 00:14:27 (6593 turns).

rocky1 the Carver (Minotaur Fighter)                Turns: 6593, Time: 00:14:27

Health: -2/64      AC: 10    Str: 23    XL:     8   Next: 0%
Magic:  8/8        EV:  8    Int: 11    God:    Okawaru [*.....]
Gold:   360        SH: 11    Dex: 16    Spells: 7/7 levels left

rFire    . . .     SeeInvis .   a - +0 long sword
rCold    . . .     Faith    .   c - +0 kite shield
rNeg     . . .     Spirit   .   b - +0 scale mail
rPois    .         Reflect  .   (helmet restricted)
rElec    .         Harm     .   (no cloak)
rCorr    .         Rampage  .   i - +1 pair of gloves
Will     .....                  w - +0 pair of boots (curse)
Stlth    ..........             (no amulet)
HPRegen  0.20/turn              l - +6 ring of intelligence
MPRegen  0.11/turn              x - +6 ring of dexterity

@: no status effects
A: retaliatory headbutt, horns 2
a: Renounce Religion, Heroism


You were on level 6 of the Dungeon.
You worshipped Okawaru.
Okawaru was aware of your devotion.
You visited 2 branches of the dungeon, and saw 7 of its levels.

You collected 360 gold pieces.

Inventory:

Hand Weapons
 a - a +0 long sword (weapon)
 r - the cursed +1 trident of Pemelin {vorpal, +Fly Int+4, unknown}
   (You found it on level 6 of the Dungeon)

   It inflicts extra damage upon your enemies.
   It affects your intelligence (+4).
   It lets you fly.
   It has a curse placed upon it.
 B - the +8 demon trident "Rift" {distort, reach+}
   (You found it on level 5 of the Dungeon)

   It warps and distorts space around it.
   Unwielding it can cause banishment or high damage.
Missiles
 h - 7 poisoned darts
 y - a boomerang
 D - 6 curare-tipped darts (quivered)
Armour
 b - a +0 scale mail (worn)
 c - a +0 kite shield (worn)
 i - a +1 pair of gloves (worn)
 w - a cursed +0 pair of boots (worn)
Jewellery
 l - a +6 ring of intelligence (left hand)
 x - a +6 ring of dexterity (right hand)
Wands
 j - a wand of acid (1)
 o - a wand of polymorph (8)
 q - a wand of random effects (17)
 z - a wand of flame (16)
Scrolls
 f - 2 scrolls of enchant armour
 g - 4 scrolls of enchant weapon
 m - a scroll of amnesia
 n - 7 scrolls of remove curse
 p - a scroll of magic mapping
 s - a scroll of identify
 v - a scroll of blinking
Potions
 d - 2 potions of might
 e - 2 potions of resistance
 k - 2 potions of magic
 t - 2 potions of invisibility {unknown}
 u - 3 potions of curing
 A - a potion of haste
 C - a potion of degeneration {unknown}


   Skills:
 - Level 3.6 Fighting
 * Level 8.6 Long Blades
 - Level 2.2 Throwing
 - Level 3.6 Armour
 + Level 6.9 Shields
 + Level 2.3 Invocations


You had 7 spell levels left.
You didn't know any spells.
Your spell library was empty.

Dungeon Overview and Level Annotations

Branches:
Dungeon (6/15)             Temple (1/1) D:4

Altars:
Dithmenos
Fedhas
Gozag
Hepliaklqana
Makhleb
Nemelex Xobeh
Okawaru
Qazlal
Sif Muna
Trog
Uskayaw
Vehumet
Yredelemnul
The Shining One

Shops:
D:5 *


Innate Abilities, Weirdness & Mutations

You reflexively headbutt those who attack you in melee.
You have a pair of horns on your head.


Message History

The electric eel shoots out a bolt of lightning at you!
The bolt of electricity misses you.
The electric eel shoots out a bolt of lightning at you!
The bolt of electricity hits you!
The electric eel shoots out a bolt of lightning at you!
The bolt of electricity hits you!
The electric eel shoots out a bolt of lightning at you!
The bolt of electricity hits you!
The electric eel shoots out a bolt of lightning at you!
The bolt of electricity misses you. The bolt of electricity hits you!
The electric eel shoots out a bolt of lightning at you!
The bolt of electricity hits you!
The electric eel shoots out a bolt of lightning at you!
The bolt of electricity hits you!
* * * LOW HITPOINT WARNING * * *
The bolt of electricity hits you.
* * * LOW HITPOINT WARNING * * *
The electric eel shoots out a bolt of lightning at you!
The bolt of electricity hits you.
You die...

####### #.....# #'###.#
....#.# #.#.#.# #########
._..#.###### #.....>..##
#.#.#......#######.#####...#
....#...........@........#
#'####.#...#######..##......#
#.##.#.##### #...#..#≈≈.≈
#.##.#.# #.#.##w≈≈≈;≈
#....#.# #....;≈≈≈≈ ≈
##.#.#.# #..#;≈≈≈≈≈≈≈≈
#.##...# #.#$≈≈≈≈≈≈≈≈ ≈
.#.....# #.#≈≈≈≈#≈≈≈≈≈≈
#.....## ..≈≈#≈≈≈≈≈ ≈≈≈


You could see an electric eel.

Vanquished Creatures
  An ice beast (D:5)
  A bullfrog (D:6)
  A water moccasin zombie (D:6)
  A wyvern skeleton (D:6)
  2 howler monkeys
  A jelly (D:6)
  An orc priest (D:5)
  A hound (D:4)
  A centaur skeleton (D:4)
  Jessica (D:2)
  6 orc wizards
  Ijyb (D:3)
  Natasha (thrice) (D:2)
  A worker ant (D:5)
  2 hound skeletons
  3 gnolls (D:2)
  4 adders
  A white imp (D:4)
  2 oozes
  An adder skeleton (D:5)
  4 worms
  A dart slug (D:6)
  4 leopard geckos
  9 orcs
  5 giant cockroaches
  16 goblins
  11 hobgoblins
  3 jackals (D:3)
  3 quokkas
  3 ball pythons
  14 bats
  6 frilled lizards
  11 kobolds
  7 rats
132 creatures vanquished.

Vanquished Creatures (others)
  A leopard gecko (D:3)
1 creature vanquished.

Grand Total: 133 creatures vanquished

Notes
Turn   | Place    | Note
-------+----------+-------------------------------------------
     0 | D:1      | rocky1 the Minotaur Fighter began the quest for the Orb.
     0 | D:1      | Reached XP level 1. HP: 19/19 MP: 0/0
   170 | D:1      | Reached skill level 3 in Long Blades
   190 | D:1      | Reached XP level 2. HP: 26/26 MP: 1/1
   660 | D:1      | Reached XP level 3. HP: 30/31 MP: 2/2
   805 | D:1      | Reached skill level 4 in Long Blades
  1139 | D:2      | Found a bloodstained altar of Trog.
  1245 | D:2      | Noticed Jessica
  1253 | D:2      | Killed Jessica
  1254 | D:2      | Reached XP level 4. HP: 39/39 MP: 3/3
  1486 | D:2      | Reached skill level 5 in Long Blades
  1751 | D:2      | Noticed Natasha
  1756 | D:2      | Killed Natasha
  1757 | D:2      | Reached skill level 5 in Shields
  1757 | D:2      | Reached XP level 5. HP: 22/45 MP: 4/4
  2368 | D:2      | Noticed Natasha
  2374 | D:2      | Killed Natasha
  2397 | D:2      | Noticed Natasha
  2406 | D:2      | Killed Natasha
  2588 | D:3      | Reached skill level 6 in Long Blades
  2618 | D:3      | Noticed Ijyb
  2622 | D:3      | HP: 2/45 [acid (12)]
  2628 | D:3      | Killed Ijyb
  3247 | D:3      | Reached XP level 6. HP: 51/51 MP: 5/5
  3355 | D:3      | Reached skill level 1 in Throwing
  4142 | D:4      | Found a shadowy altar of Dithmenos.
  4186 | D:4      | Reached skill level 7 in Long Blades
  4467 | D:4      | Reached XP level 7. HP: 57/57 MP: 6/6
  4795 | D:4      | Found a staircase to the Ecumenical Temple.
  4883 | Temple   | Entered the Ecumenical Temple
  4904 | Temple   | Became a worshipper of Warmaster Okawaru
  5000 | D:5      | Entered Level 5 of the Dungeon
  5032 | D:5      | Found the +8 demon trident "Rift" {distort, reach+}
  5744 | D:5      | Reached skill level 1 in Invocations
  6056 | D:5      | Found Qounoggo's Assorted Antiques.
  6310 | D:6      | Reached skill level 8 in Long Blades
  6458 | D:6      | Got a translucent trident
  6473 | D:6      | Reached * piety under Okawaru
  6522 | D:6      | Found a hide-covered altar of Uskayaw.
  6530 | D:6      | Reached XP level 8. HP: 62/64 MP: 8/8
  6593 | D:6      | Killed from afar by an electric eel

Illustrated notes

Levels and vault maps discovered:
D:1:      wander_arrival_lonely_grave, layout_loops_corners
D:2:      layout_loops_cross, marbit_many_paths, chequers_serial_rivers_micro_a,
          grunt_ministairs_4, minmay_pentomino_u4, uniq_natasha, uniq_jessica
D:3:      cheibrodos_helix_gallery, layout_basic, nrook_campfire,
          minmay_unequal, uniq_ijyb
D:4:      layout_loops_corners, nicolae_overflow_crystal_walls, temple_fountains
D:5:      layout_basic, serial_shops, shop, hex_tiny
D:6:      kennysheep_slugbush, layout_loops_ring,
          grunt_temple_overflow_order_and_chaos_1, kennysheep_little_box,
          basic_altar, grunt_dithmenos_smoke_and_mirrors
Temple:   minmay_freezing_vapour_temple

Skill      XL: |  1  2  3  4  5  6  7 |
---------------+----------------------+-----
Long Blades    | 3 4 5 6 7 8 |  8.6
Shields        | 4 5 6 |  6.9
Throwing       | 2 |  2.2
Invocations    | 2 |  2.3
Fighting       | |  3.6
Armour         | |  3.6

Action                   |  1- 3 |  4- 6 |  7- 9 || total
-------------------------+-------+-------+-------++-------
Melee: Long sword        |    71 |   193 |    78 ||   342
       Headbutt          |     8 |    33 |    25 ||    66
Throw: Dart              |       |     6 |       ||     6
  Use: Scroll            |       |     8 |     9 ||    17
       Potion            |       |     4 |       ||     4
Armor: Scale mail        |    42 |    65 |    30 ||   137
Dodge: Dodged            |    30 |    52 |    18 ||   100
Block: Kite shield       |    37 |   100 |    29 ||   166
       Rpst.: Long sword |    10 |    13 |     6 ||    29
